 Dungeon Crawl Stone Soup version 0.32-a0-312-g1d7162e751 (webtiles) character file.

Game seed: 9100996983950511559

125982 Struensee the Minotaur Blade (level 16, -2/155 HPs)
             Began as a Minotaur Berserker on Feb 15, 2024.
             Was a High Priest of Trog.
             Slain by a +1 battleaxe of venom (16 damage)
             ... on level 2 of the Elven Halls.
             The game lasted 02:16:09 (28346 turns).

Struensee the Minotaur Blade (Minotaur Berserker)  Turns: 28346, Time: 02:16:10

Health: -2/155     AC: 28    Str: 28    XL:     16   Next: 42%
Magic:  5/5        EV:  9    Int:  4    God:    Trog [*****.]
Gold:   834        SH:  0    Dex: 12    Spells: 15/15 levels left

rFire   . . .        F - +4 great sword (antimagic)
rCold   + . .        (shield currently unavailable)
rNeg    + + .        p - +0 plate armour {rPois}
rPois   +            l - +3 hat "Yrraize" {rC+ Will++}
rElec   .            Z - scarf "Ydity" {shadows, *Corrode rN++ Regen+ Stlth+}
rCorr   +            K - +2 pair of gloves
SInv    +            q - +2 pair of boots {rampage}
Will    +++++        o - amulet of regeneration Stlth
                     r - ring of see invisible
HPRegen 3.05/turn    L - ring of resist corrosion
MPRegen 0.09/turn

%: corrode self (3%), rampage
@: on fire, strong-willed (expiring), regenerating (expiring), glowing
A: horns 2, retaliatory headbutt
a: Renounce Religion, Berserk, Trog's Hand, Brothers in Arms


You were on level 2 of the Elven Halls.
You worshipped Trog.
Trog was extremely pleased with you.
You visited 4 branches of the dungeon, and saw 24 of its levels.
You also visited: Ossuary, Bailey and Gauntlet.

You collected 2271 gold pieces.
You spent 1437 gold pieces at shops.

Inventory:

Hand Weapons
 z - a +4 great sword of flaming
 F - a +4 antimagic great sword (weapon)
 R - a +9 triple sword of electrocution
Missiles
 a - 6 silver javelins
 d - a throwing net
 w - 27 boomerangs (quivered)
 E - 4 javelins
Armour
 l - the +3 hat "Yrraize" (worn) {rC+ Will++}
   (You found it in a Gauntlet)

   rC+:       It protects you from cold.
   Will++:    It greatly increases your willpower.
 p - a +0 plate armour of poison resistance (worn)
 q - a +2 pair of boots of rampaging (worn)
 s - the +4 skin of Zhor {*Englaciate rC+++ SInv}
   (You found it on level 2 of the Lair of Beasts)

   *Englaciate: It radiates cold, occasionally slowing all nearby creatures who
   are not resistant to cold.
   rC+++:     It renders you almost immune to cold.
   SInv:      It lets you see invisible.
 K - a +2 pair of gloves (worn)
 Z - the scarf "Ydity" (worn) {shadows, *Corrode rN++ Regen+ Stlth+}
   (You found it in a Gauntlet)

   rN++:      It greatly protects you from negative energy.
   Regen+:    It increases your rate of health regeneration.
   *Corrode:  It may corrode you when you take damage.
   Stlth+:    It makes you more stealthy.
Jewellery
 o - an amulet of regeneration (around neck)
 r - a ring of see invisible (left hand)
 L - a ring of resist corrosion (right hand)
 N - a ring of poison resistance
 P - a +4 ring of slaying
 Q - a ring of flight
Wands
 b - a wand of flame (71)
 y - a wand of quicksilver (7)
 B - a wand of charming (20)
 D - a wand of digging (19)
 G - a wand of mindburst (5)
 S - a wand of polymorph (6)
 U - a wand of roots (6)
Scrolls
 c - 2 scrolls of revelation
 e - 5 scrolls of poison
 f - 6 scrolls of fear
 g - 8 scrolls of blinking
 h - 11 scrolls of teleportation
 v - 6 scrolls of fog
 O - 6 scrolls of enchant armour
 W - a scroll of silence
 X - 4 scrolls of summoning
Potions
 i - 6 potions of haste
 j - 4 potions of invisibility
 m - 2 potions of berserk rage
 n - 5 potions of resistance
 t - 10 potions of curing
 u - 7 potions of heal wounds
 x - 2 potions of cancellation
 A - a potion of degeneration
 H - 3 potions of enlightenment
 M - 3 potions of magic
 V - a potion of experience {unknown}
Miscellaneous
 Y - a sack of spiders


   Skills:
 + Level 17.1 Fighting
 - Level 22.0 Long Blades
 - Level 13.0 Throwing
 - Level 17.0 Armour
 - Level 2.1 Dodging


You had 15 spell levels left.
You didn't know any spells.
Your spell library was empty.

Dungeon Overview and Level Annotations

Branches:
Dungeon (15/15)            Temple (0/1) D:4            Lair (5/5) D:11
  Swamp (0/4) Lair:3       Spider (0/4) Lair:3        Slime (0/5) Lair:5
    Orc (2/2) D:10            Elf (2/3) Orc:2        Vaults (0/5) D:13
 Depths (0/4) D:15        Ossuary (visited)          Bailey (visited)
Gauntlet (visited)

Altars:
Dithmenos
Gozag
Kikubaaqudgha
Makhleb
Qazlal
Vehumet
Xom
The Shining One
Beogh
Jiyva

Shops:
D:1 ?   D:4 ?   D:13 [:(   Orc:1 (   Orc:2 :(*[   Elf:2 !

Annotations:
D:7 1 runed translucent door, Stonecrops's ghost, novice FoFi


Innate Abilities, Weirdness & Mutations

You have a pair of horns on your head.
You reflexively headbutt those who attack you in melee.


Message History

The deep elf pyromancer barely misses you.
The deep elf zephyrmancer casts a spell.
The deep elf zephyrmancer blinks!
You slash the +2 dire flail of protection!
The +2 dire flail of protection falls from the air.
Trog accepts your kill. The liquid fire burns you!
The +2 mace of protection hits you but does no damage.
The deep elf zephyrmancer gestures at you while chanting.
The bolt of lightning hits the +2 mace of protection.
The +2 mace of protection completely resists.
The bolt of lightning hits you!!
* * * LOW HITPOINT WARNING * * *
The bolt of lightning hits you!!
* * * LOW HITPOINT WARNING * * *
The deep elf pyromancer mumbles some strange words.
You hear a shout! x3
You feel much better. The liquid fire burns you!
* * * LOW HITPOINT WARNING * * *
Your surroundings suddenly seem different.
A deep elf pyromancer, a +1 battleaxe of venom and a +4 vampiric trident come into view.
The deep elf pyromancer shouts!
You hear a shout!
The +4 vampiric trident hits you but does no damage.
A deep elf pyromancer comes into view. It is wielding a +0 short sword.
The +1 battleaxe of venom hits you!!
* * * LOW HITPOINT WARNING * * *
Press: ? - help, v - describe, . - travel A teleport trap.
As you read the scroll of fear, it crumbles to dust.
You assume a fearsome visage.
The deep elf pyromancer looks frightened!
The +1 battleaxe of venom is unaffected.
The +4 vampiric trident is unaffected.
The deep elf pyromancer looks frightened!
The liquid fire burns you!
* * * LOW HITPOINT WARNING * * *
The +4 vampiric trident hits you but does no damage.
The +1 battleaxe of venom hits you!
You die...

# ## ##.
##.##
#...##...##..
.....^.......
.....(@e.....
...........#.
#.....(...##
#........##
..........
...........
...........e


You could see 2 deep elf pyromancers and 2 dancing weapons.

Vanquished Creatures
  Frances (Orc:2)
  3 deep elf sorcerers (Elf:2)
  2 orc warlords (Orc:2)
  A deep elf demonologist (Elf:2)
  A minotaur (Gauntlet)
  A blizzard demon (Gauntlet)
  An ice dragon (Lair:5)
  A great orb of eyes (D:15)
  2 spriggan zombies (D:15)
  A deep elf high priest (Elf:2)
  2 spectral spriggans (D:15)
  An entropy weaver (shapeshifter) (D:14)
  A vault guard (D:13)
  8 hydras
  A rakshasa (D:15)
  7 centaur warriors
  A death knight (D:15)
  A boulder beetle (D:15)
  6 two-headed ogres
  5 dancing weapons
  A death yak (Lair:4)
  A deep troll earth mage (D:15)
  A hell hog (Lair:5)
  A tengu warrior (D:15)
  2 orc high priests (Orc:2)
  3 skysharks
  5 deep elf knights
  A sun demon (D:15)
  A spectral spark wasp (D:15)
  A swamp dragon (Lair:5)
  4 deep elf archers
  A glowing orange brain (Gauntlet)
  A lindwurm (Lair:4)
  2 phantasmal warriors (D:15)
  13 deep elf zephyrmancers
  10 orc knights
  5 harpies (D:14)
  18 deep elf pyromancers
  An oklob plant (Lair:3)
  A fire giant zombie (D:15)
  5 cyclopes
  8 ugly things
  5 orc sorcerers
  Maurice (D:8)
  3 manticores
  5 black mambas
  19 elephants
  9 cane toads
  2 torpor snails (Lair:2)
  Maggie (D:8)
  2 gargoyles
  2 ice devils
  10 komodo dragons
  4 freezing wraiths
  Jeremiah (D:8)
  An efreet (D:13)
  2 kobold demonologists (Bailey)
  11 rime drakes
  A spectral glowing shapeshifter (D:15)
  4 trolls
  13 polar bears
  Grinder (D:4)
  2 tyrant leeches (Lair:3)
  A wolf spider simulacrum (D:15)
  3 blink frogs (Lair:2)
  A tarantella (Lair:3)
  A raiju (Lair:5)
  A dream sheep (Lair:5)
  4 slime creatures
  2 shadows
  A vampire (D:13)
  A fire giant simulacrum (D:15)
  5 wyverns
  Eustachio (D:5)
  A wraith (D:7)
  10 wargs
  A basilisk (shapeshifter) (D:14)
  A fire elemental (Elf:1)
  5 basilisks
  A redback (Lair:3)
  52 yaks
  Grum (D:8)
  3 steam dragons
  Menkaure (D:4)
  5 acid dragons
  3 swamp worms (Lair:3)
  13 hell hounds (Lair:5)
  Duvessa (D:5)
  9 water moccasins
  32 orc warriors
  2 swamp drakes (Lair:5)
  18 black bears
  2 laughing skulls (D:15)
  7 ogres
  15 centaurs
  A boggart (D:13)
  22 wolves
  3 kobold brigands
  2 phantoms (D:6)
  12 bullfrogs
  A weeping skull (Ossuary)
  An earth elemental (Elf:1)
  A gnoll sergeant (D:7)
  5 wights (D:8)
  2 scorpions (D:6)
  4 water moccasin zombies (Ossuary)
  Dowan (D:5)
  6 killer bees (D:9)
  A howler monkey (D:13)
  5 electric eels (Bailey)
  4 crimson imps (D:15)
  A bombardier beetle (D:5)
  14 orc priests
  An iron imp (D:3)
  A spectral scorpion (Ossuary)
  A gnoll bouda (D:7)
  7 hounds
  Crazy Yiuf (D:2)
  A jelly (D:6)
  10 iguanas
  Ijyb (D:4)
  2 sleepcaps (D:6)
  28 orc wizards
  2 crocodile zombies (Ossuary)
  The ghost of Mandevil the Shield-Bearer, a weakling FoFi (D:15)
  2 mummies (Ossuary)
  Robin (D:2)
  10 gnolls
  9 adders
  6 white imps
  3 adder zombies (Ossuary)
  A ribbon worm (D:2)
  3 dart slugs
  67 orcs
  2 bats
  10 endoplasms
  3 giant cockroaches
  29 goblins
  17 hobgoblins
  3 jackals (D:4)
  21 kobolds
  3 quokkas
  10 ball pythons
  2 frilled lizards
  9 gnoll zombies (Ossuary)
  A jackal zombie (Ossuary)
  3 orc zombies (Ossuary)
  2 rats
795 creatures vanquished.

Vanquished Creatures (collateral kills)
  A rime drake (Lair:2)
1 creature vanquished.

Vanquished Creatures (others)
  An orc wizard (D:10)
1 creature vanquished.

Grand Total: 797 creatures vanquished

Notes
Turn   | Place    | Note
-------+----------+-------------------------------------------
     0 | D:1      | Struensee the Minotaur Berserker began the quest for the
                  | Orb.
     0 | D:1      | Reached XP level 1. HP: 19/19 MP: 0/0
    49 | D:1      | Found Ileamnih's Magic Scroll Shop.
    94 | D:1      | Reached XP level 2. HP: 10/27 MP: 1/1
    95 | D:1      | Reached skill level 4 in Long Blades
   356 | D:1      | Reached XP level 3. HP: 28/33 MP: 2/2
   436 | D:1      | Found a faded altar of an unknown god.
   753 | D:2      | Reached skill level 5 in Long Blades
   830 | D:2      | Found a runed translucent door.
   831 | D:2      | Noticed Crazy Yiuf
   863 | D:2      | Noticed Robin
   875 | D:2      | Reached ** piety under Trog
   894 | D:2      | Killed Robin
   895 | D:2      | Reached XP level 4. HP: 40/40 MP: 3/3
  1042 | D:2      | Reached skill level 6 in Long Blades
  1406 | D:2      | Killed Crazy Yiuf
  1517 | D:4      | Reached XP level 5. HP: 46/46 MP: 4/4
  1552 | D:4      | Noticed Grinder
  1565 | D:4      | Killed Grinder
  1566 | D:4      | Reached skill level 8 in Long Blades
  1566 | D:4      | Reached XP level 6. HP: 52/52 MP: 5/5
  1574 | D:4      | Found a staircase to the Ecumenical Temple.
  1621 | D:4      | Noticed Menkaure
  1623 | D:4      | Found a sand-covered staircase.
  1633 | D:4      | Killed Menkaure
  1634 | D:4      | Reached skill level 9 in Long Blades
  1642 | Ossuary  | Entered an ossuary
  1691 | Ossuary  | Reached XP level 7. HP: 49/59 MP: 6/6
  1792 | Ossuary  | Reached skill level 10 in Long Blades
  1900 | Ossuary  | Reached *** piety under Trog
  1964 | Ossuary  | Reached skill level 11 in Long Blades
  2188 | D:3      | Found a burning altar of Makhleb.
  2956 | D:5      | Entered Level 5 of the Dungeon
  2956 | D:5      | Noticed Eustachio
  2956 | D:5      | Found a glowing golden altar of the Shining One.
  2957 | D:5      | Found a stormy altar of Qazlal.
  2972 | D:5      | Killed Eustachio
  2973 | D:5      | Reached XP level 8. HP: 66/66 MP: 7/7
  2981 | D:5      | Reached skill level 12 in Long Blades
  2989 | D:5      | Found an opulent altar of Gozag.
  3129 | D:4      | Found Ophom's Magic Scroll Shop.
  3152 | D:4      | Bought a scroll of identify for 28 gold pieces
  3152 | D:4      | Bought a scroll of teleportation for 42 gold pieces
  3152 | D:4      | Bought a scroll of fear for 56 gold pieces
  3152 | D:4      | Bought a scroll of identify for 28 gold pieces
  3404 | D:4      | Noticed Ijyb
  3440 | D:4      | Killed Ijyb
  3730 | D:5      | Found a radiant altar of Vehumet.
  3756 | D:5      | Noticed Duvessa
  3756 | D:5      | Noticed Dowan
  3761 | D:5      | Killed Dowan
  3768 | D:5      | Killed Duvessa
  3830 | D:5      | Reached skill level 13 in Long Blades
  3936 | D:6      | Reached **** piety under Trog
  4174 | D:5      | Found an ancient bone altar of Kikubaaqudgha.
  4509 | D:6      | Reached skill level 14 in Long Blades
  4509 | D:6      | Reached XP level 9. HP: 64/71 MP: 8/8
  5407 | D:8      | Noticed Maurice
  5428 | D:8      | Something stole a +4 ring of protection
  5431 | D:8      | Killed Maurice
  5432 | D:8      | Reached skill level 15 in Long Blades
  5534 | D:8      | Found a flagged portal.
  5571 | D:8      | Reached skill level 16 in Long Blades
  5584 | D:8      | Noticed Jeremiah
  5598 | Bailey   | Entered a bailey
  5861 | Bailey   | Noticed a kobold demonologist
  5862 | Bailey   | Noticed a hellwing
  5873 | Bailey   | Noticed a sixfirhy
  5873 | Bailey   | Killed a kobold demonologist
  5874 | Bailey   | Reached XP level 10. HP: 78/78 MP: 9/9
  5915 | Bailey   | Found an iron altar of Okawaru.
  5930 | Bailey   | Reached skill level 17 in Long Blades
  6097 | Bailey   | Reached skill level 5 in Armour
  6323 | Bailey   | Reached skill level 5 in Fighting
  6834 | D:8      | Killed Jeremiah
  6954 | D:8      | Noticed Grum
  6999 | D:8      | Killed Grum
  7196 | D:7      | Found a shadowy altar of Dithmenos.
  7886 | D:7      | Noticed a brown ugly thing
  7891 | D:7      | Killed a brown ugly thing
  8107 | D:7      | Found a runed translucent door.
  8108 | D:7      | Found a shimmering altar of Xom.
  8108 | D:7      | Noticed a +1 quarterstaff of chaos
  8108 | D:7      | Noticed Stonecrops's ghost (novice FoFi)
  8288 | D:8      | Noticed Maggie
  8308 | D:8      | Killed Maggie
  8580 | D:8      | Reached ***** piety under Trog
  8964 | D:9      | Reached XP level 11. HP: 95/95 MP: 10/10
  9359 | D:10     | Entered Level 10 of the Dungeon
  9536 | D:10     | Noticed a two-headed ogre
  9795 | D:10     | Reached skill level 10 in Fighting
  9949 | D:10     | Noticed a two-headed ogre
  9973 | D:10     | Killed a two-headed ogre
 10258 | D:10     | Reached skill level 10 in Armour
 10269 | D:10     | Killed a two-headed ogre
 10493 | D:10     | Received a gift from Trog
 10724 | D:10     | Found a staircase to the Orcish Mines.
 10736 | Orc:1    | Entered Level 1 of the Orcish Mines
 10771 | Orc:1    | Noticed a two-headed ogre
 10778 | Orc:1    | Killed a two-headed ogre
 11160 | Orc:2    | Entered Level 2 of the Orcish Mines
 11188 | Orc:2    | Noticed an orc knight
 11203 | Orc:1    | Killed an orc knight
 11276 | Orc:2    | Found a roughly hewn altar of Beogh.
 11306 | Orc:2    | Found a staircase to the Elven Halls.
 11317 | Orc:2    | Noticed an orc knight
 11317 | Orc:2    | Noticed an orc sorcerer
 11349 | Orc:2    | Paralysed by an orc sorcerer for 3 turns
 11356 | Orc:1    | Killed an orc knight
 11400 | Orc:2    | Killed an orc sorcerer
 11493 | Orc:1    | Noticed an orc sorcerer
 11496 | Orc:1    | Killed an orc sorcerer
 11497 | Orc:1    | Reached skill level 18 in Long Blades
 11497 | Orc:1    | Reached XP level 12. HP: 110/110 MP: 11/11
 11558 | Orc:1    | Found Esile's Weapon Emporium.
 11704 | Orc:2    | Noticed an orc high priest
 11828 | Orc:2    | Killed an orc high priest
 12130 | Orc:2    | Noticed an orc warlord
 12165 | Orc:2    | Killed an orc warlord
 12167 | Orc:2    | Reached skill level 19 in Long Blades
 12327 | Orc:2    | Paralysed by an orc sorcerer for 4 turns
 12337 | Orc:2    | Received a gift from Trog
 12338 | Orc:2    | Found a roughly hewn altar of Beogh.
 12558 | Orc:2    | Found Kom Houc's General Store.
 12597 | Orc:2    | Found Seetucw's Antique Weapon Boutique.
 12630 | Orc:2    | Noticed an orc warlord
 12643 | Orc:2    | Noticed an orc high priest
 12648 | Orc:2    | Killed an orc warlord
 12649 | Orc:2    | Reached skill level 20 in Long Blades
 12655 | Orc:2    | Killed an orc high priest
 12658 | Orc:2    | HP: 4/110 [orc warrior/+0 dire flail (5)]
 13179 | D:1      | Bought a scroll of blinking for 82 gold pieces
 13179 | D:1      | Bought a scroll of enchant armour for 82 gold pieces
 13179 | D:1      | Bought a scroll of blinking for 82 gold pieces
 14183 | Orc:2    | Found a roughly hewn altar of Beogh.
 14228 | Orc:2    | Found Xuge Jemm's Antique Armour Boutique.
 14241 | Orc:2    | Bought a scroll of identify for 34 gold pieces
 14241 | Orc:2    | Bought a potion of curing for 51 gold pieces
 14241 | Orc:2    | Bought a scroll of identify for 34 gold pieces
 14241 | Orc:2    | Bought a scroll of identify for 34 gold pieces
 14241 | Orc:2    | Bought a scroll of enchant weapon for 127 gold pieces
 14305 | Orc:2    | Found Buvucul's Book Boutique.
 14433 | D:11     | Reached skill level 21 in Long Blades
 14462 | D:11     | Found a staircase to the Lair.
 14503 | Lair:1   | Entered Level 1 of the Lair of Beasts
 14748 | Lair:1   | Reached XP level 13. HP: 116/116 MP: 12/12
 15252 | Orc:2    | Bought an ancient plate armour for 532 gold pieces
 15252 | Orc:2    | Identified the +0 plate armour of Absence {Dex+2} (You
                  | bought it in a shop on level 2 of the Orcish Mines)
 16020 | Lair:2   | Found the +4 skin of Zhor {*Englaciate rC+++ SInv}
 16087 | Lair:2   | Reached skill level 22 in Long Blades
 17238 | Lair:3   | You fall into a shaft and drop 1 floor!
 17526 | Lair:3   | Found a gate leading to a gauntlet.
 17536 | Gauntlet | Entered a Gauntlet
 17536 | Gauntlet | Found a transporter.
 17539 | Gauntlet | Found a transporter.
 17549 | Gauntlet | Found a transporter.
 17559 | Gauntlet | Found a transporter.
 17563 | Gauntlet | Identified the +3 hat "Yrraize" {rC+ Will++}
 17591 | Gauntlet | Noticed a blizzard demon
 17602 | Gauntlet | Found a transporter.
 17608 | Gauntlet | Killed a blizzard demon
 17680 | Gauntlet | Found a transporter.
 17687 | Gauntlet | Found the +7 great mace "Undeadhunter" {deathbane, rN+}
 17690 | Gauntlet | Noticed a minotaur
 17709 | Gauntlet | Killed a minotaur
 17759 | Gauntlet | Identified the staff of Rag Ohef {rPois Str+3 SInv Alchemy}
 17759 | Gauntlet | Identified the scarf "Ydity" {shadows, *Corrode rN++ Regen+
                  | Stlth+}
 17759 | Gauntlet | Identified the +1 sling "Ydinip" {heavy, Will+}
 17853 | Lair:3   | Identified the maw talisman of Tisyax {*Slow rF+++ MP-9
                  | Str+8}
 17999 | Lair:3   | Found a hole to the Spider Nest.
 18094 | Lair:3   | Received a gift from Trog
 18150 | Lair:3   | Reached skill level 1 in Throwing
 18233 | Lair:3   | Reached XP level 14. HP: 113/132 MP: 13/13
 18262 | Lair:3   | Found a staircase to the Swamp.
 19101 | Lair:4   | Reached skill level 5 in Throwing
 19670 | Lair:5   | Entered Level 5 of the Lair of Beasts
 20225 | Lair:5   | Found a shimmering altar of Xom.
 20351 | Lair:5   | Reached skill level 10 in Throwing
 20368 | Lair:5   | Reached ****** piety under Trog
 20436 | Lair:5   | Received a gift from Trog
 20534 | Lair:5   | Identified the maw talisman of Xunorgh {rF+}
 20778 | Lair:5   | Found a viscous altar of Jiyva.
 20779 | Lair:5   | Found a staircase to the Slime Pits.
 21738 | D:11     | Reached XP level 15. HP: 131/138 MP: 14/14
 21918 | D:11     | Found the +9 sword of Zonguldrok {reap}
 22138 | D:12     | Identified the +8 mace of Dismay {drain, rElec rPois}
 22961 | D:13     | Found Col Zaasusm's Book Emporium.
 23111 | D:13     | Identified the beast talisman "Reig" {*Slow rC+++ rN++
                  | Str-3}
 23181 | D:13     | Found Paklal's Antique Armour Shop.
 23191 | D:13     | Bought a pair of glowing gloves for 225 gold pieces
 23274 | D:13     | Found Nooneul's Weapon Shop.
 23588 | D:13     | Reached skill level 15 in Fighting
 23620 | D:13     | Received a gift from Trog
 23637 | D:13     | Found a gate to the Vaults.
 24373 | D:14     | Reached skill level 15 in Armour
 24455 | D:15     | Entered Level 15 of the Dungeon
 24703 | D:15     | Identified the +8 hand axe of Zonuhufi {pain, rN+ Str+4
                  | Int+5 Dex-4}
 24781 | D:15     | Found a runed translucent gate.
 24781 | D:15     | Found a runed translucent gate.
 24782 | D:15     | Found a runed translucent gate.
 24785 | D:15     | Noticed Mandevil's ghost (weakling FoFi)
 25275 | D:15     | Found a staircase to the Depths.
 25624 | D:15     | Killed Mandevil's ghost
 26145 | Elf:1    | Entered Level 1 of the Elven Halls
 26159 | Elf:1    | Received a gift from Trog
 26264 | Elf:1    | Noticed Frances
 26448 | Orc:2    | Killed Frances
 26449 | Orc:2    | Reached XP level 16. HP: 111/154 MP: 15/15
 27775 | Elf:2    | Noticed an Executioner
 27989 | Elf:2    | Received a gift from Trog
 28301 | Elf:2    | Found Tovoong's Jewellery Shop.
 28335 | Elf:2    | Found Haketti's Distillery.
 28346 | Elf:2    | Slain by a +1 battleaxe of venom

Illustrated notes

Levels and vault maps discovered:
D:1:      dpeg_arrival_tiny_a, layout_basic,
          shapermc_ecumenical_altar_hornbeckon, serial_shops,
          nicolae_shop_hallway_plus
D:2:      layout_loops_ring, uniq_crazy_yiuf_cottage, uniq_robin
D:3:      layout_basic, demons_altar, kennysheep_path_1, minmay_cut_off
D:4:      kennysheep_goblin_castle, layout_gridville, minmay_temple_entry_tees,
          serial_shops, nicolae_shop_tiny_glass, chequers_ossuary_entry_cave,
          uniq_menkaure, uniq_grinder
D:5:      layout_loops_ring, chequers_temple_overflow_statue_of_worship,
          general_overflow_altar, lemuel_doored_altar, uniq_eustachio,
          uniq_duvessa
D:6:      layout_cave_pools, serial_co_window_serial, co_window_paths_a,
          co_window_cross_1, co_window_corner_a, co_window_corner_a,
          co_window_paths_a, co_window_corner_a, co_window_unsneaky_path_e,
          co_window_corner_b, co_window_corner_b, co_window_paths_e,
          glass_columns_b, glass_columns_c, nicolae_underground_beach
D:7:      minmay_chambers_of_sixes, layout_layer_cave,
          nicolae_dithmenos_through_a_glass_darkly, ebering_ghost_xom
D:8:      layout_gridville, enter_bailey_3, st_stairs_1,
          minmay_misc_feat_diagonals, uniq_maggie, uniq_grum, uniq_maurice,
          uniq_jeremiah
D:9:      layout_loops_ring
D:10:     layout_rooms, david_orc_4, kennysheep_generic_room_15
D:11:     layout_cave_pools, david_lair_generic, eino_tiny_chamber
D:12:     layout_stronghold
D:13:     layout_cave_pools, david_vaults_5, serial_shops,
          nicolae_shop_dealshenge, nicolae_shop_temple_entry_statues_fountains,
          nicolae_shop_bloodbath_and_beyond, nicolae_tricolors
D:14:     layout_irregular_city, hangedman_abyss_or_decor_jellyfish_corner
D:15:     hellmonk_depths_entry_around_the_bend, layout_loops_ring,
          gammafunk_ghost_necromancy, minmay_fire_ice_demons
Lair:1:   layout_layer_cave, beast_lair_carwin_1
Lair:2:   layout_concentric_octagons, hellmonk_guarded_unrand_zhor
Lair:3:   beast_lair_carwin_large_3, layout_hall_layers,
          palyth_hydra_swamp_entry, spider_nest_entry_rubble,
          gauntlet_entry_generic, lemuel_fruit_tree
Lair:4:   layout_cellular_growth, beast_lair_carwin_10
Lair:5:   guppyfry_lair_end_dragon, layout_regular_city,
          hangedman_lair_caniforms_friends, slime_entry_1, basic_altar,
          serial_bayou_shore_b, serial_bayou_shore_b, grunt_megastairs_3
Orc:1:    layout_caves, serial_shops, nicolae_shop_behind_doors,
          nicolae_orc_damp_corner
Orc:2:    grunt_orc_cross, layout_diamond_mine, basic_altar,
          lightli_church_of_beogh
Elf:1:    elf_arrival_002, layout_onion_city, minmay_elf_crystal_heptagon,
          uniq_frances
Elf:2:    elven_hall_of_blades_hangedman_alternative
          [nicolae_blade_entry_crossed_weapons], layout_loops_corners,
          serial_shops, shop, nicolae_shop_hallway_plus, shop, shop, shop

Skill      XL: |  1  2  3  4  5  6  7  8  9 10 11 12 13 14 15 16 |
---------------+-------------------------------------------------+-----
Fighting       | 4 8 11 14 16 17 | 17.1
Long Blades    | 4 5 6 8 9 11 14 16 17 18 21 22 | 22.0
Armour         | 3 8 11 13 14 16 17 | 17.0
Throwing       | 2 11 12 13 | 13.0
Dodging        | |  2.1

Action                     |  1- 3 |  4- 6 |  7- 9 | 10-12 | 13-15 | 16-18 || total
---------------------------+-------+-------+-------+-------+-------+-------++-------
  Melee: Falchion          |    18 |       |       |       |       |       ||    18
         Headbutt          |    13 |    16 |   142 |   194 |   236 |    42 ||   643
         Dagger            |    75 |   119 |   692 |   741 |       |       ||  1627
         Triple sword      |       |       |       |   191 |   868 |   110 ||  1169
         Battleaxe         |       |       |       |       |    27 |       ||    27
         Scimitar          |       |       |       |       |    18 |       ||    18
         Great sword       |       |       |       |       |       |    39 ||    39
  Throw: Boomerang         |       |       |     1 |    19 |    19 |       ||    39
 Invoke: Berserk           |     1 |     2 |     6 |     8 |     9 |       ||    26
         Trog's Hand       |       |     2 |     2 |     2 |     5 |     4 ||    15
         Brothers in Arms  |       |       |       |       |     1 |       ||     1
    Use: Scroll            |       |       |       |    23 |    12 |     2 ||    37
         Potion            |       |       |       |       |       |     1 ||     1
   Stab: Sleeping          |       |       |       |       |     1 |       ||     1
 Armour: Animal skin       |    16 |       |       |       |     9 |       ||    25
         Scale mail        |    21 |    18 |       |       |       |       ||    39
         Ring mail         |     6 |       |       |       |       |       ||     6
         Plate armour      |       |    24 |   302 |   581 |   921 |   144 ||  1972
         Acid dragon scale |       |       |       |       |     2 |       ||     2
  Dodge: Dodged            |    29 |    28 |   121 |   202 |   318 |    32 ||   730

Table legend: (Time is in decaauts)
 A = Elapsed time spent in this place.
 B = Non-inter-level travel time spent in this place.
 C = Inter-level travel time spent in this place.
 D = Time resting spent in this place.
 E = Time spent auto-exploring this place.
 F = Levels seen in this place.
 G = Mean time per level.
                   A        B        C        D        E       F      G
               +--------+--------+--------+--------+--------+-----+--------+
         Total |  27451 |  22035 |   5416 |   2623 |  13550 |  27 | 1016.7 |
       Dungeon |  13882 |  11448 |   2434 |    547 |   8470 |  15 |  925.5 |
          Lair |   6592 |   4869 |   1723 |    228 |   3261 |   5 | 1318.4 |
  Orcish Mines |   3648 |   2947 |    701 |   1358 |    868 |   2 | 1824.0 |
   Elven Halls |   1747 |   1190 |    557 |    109 |    618 |   2 |  873.5 |
       Ossuary |    264 |    264 |      0 |     33 |     89 |   1 |  264.0 |
        Bailey |   1035 |   1035 |      0 |    327 |    243 |   1 | 1035.0 |
      Gauntlet |    279 |    279 |      0 |     20 |      0 |   1 |  279.0 |
               +--------+--------+--------+--------+--------+-----+--------+

Top non-repeatable levels by time:
   Orc:2: 2820 daAuts
   Elf:1: 1616 daAuts
  Lair:5: 1494 daAuts
  Lair:2: 1401 daAuts
  Lair:3: 1397 daAuts
  Lair:1: 1335 daAuts
    D:15: 1326 daAuts
    D:10: 1252 daAuts
     D:8: 1159 daAuts
     D:7: 1078 daAuts
    D:12: 1076 daAuts
  Bailey: 1035 daAuts
  Lair:4: 963 daAuts
     D:6: 918 daAuts
     D:4: 903 daAuts
